 Dungeon Crawl Stone Soup version 0.20.1-1-g8b1a95d (console) character file.

186 hilaritas the Slasher (level 5, 0/32 HPs)
             Began as a Tengu Fighter on Mar 3, 2018.
             Slain by an orc
             ... wielding a +0 dagger
              (2 damage)
             ... on level 3 of the Dungeon.
             The game lasted 00:04:58 (1955 turns).

hilaritas the Slasher (Tengu Fighter)               Turns: 1955, Time: 00:04:59

Health: 0/32       AC:  6    Str: 17    XL:     5   Next: 66%
Magic:  6/6        EV:  7    Int:  8    God:
Gold:   168        SH:  0    Dex: 14    Spells: 4/4 levels left

rFire    . . .     SeeInvis .   a - +0 long sword
rCold    . . .     Gourm    .   c - +0 shield
rNeg     . . .     Faith    .   b - +0 scale mail
rPois    .         Spirit   .   (helmet restricted)
rElec    .         Reflect  .   (no cloak)
rCorr    .         Harm     .   (no gloves)
MR       .....                  (boots unavailable)
Stlth    ..........             (no amulet)
Regen    0.1/turn               (no ring)
MPRegen  0.1/turn               (no ring)

@: confused
A: beak, talons 3, able to fly 1
a: Fly


You were on level 3 of the Dungeon.
You were hungry.

You visited 1 branch of the dungeon, and saw 3 of its levels.

You collected 168 gold pieces.

Inventory:

Hand Weapons
 a - a +0 long sword (weapon)
 g - a +0 dagger
Missiles
 j - 2 tomahawks (quivered)
Armour
 b - a +0 scale mail (worn)
 c - a +0 shield (worn)
Scrolls
 l - 2 scrolls of teleportation
 m - a scroll of amnesia
Potions
 d - a potion of curing
 e - 2 potions of resistance
 k - a potion of magic {unknown}
 n - a potion of invisibility
Comestibles
 f - a bread ration
 h - 2 meat rations
 i - a chunk of flesh


   Skills:
 + Level 3.5 Fighting
 * Level 5.0 Long Blades
 - Level 3.2 Armour
 + Level 4.0 Shields


You had 4 spell levels left.
You didn't know any spells.

Dungeon Overview and Level Annotations

Branches:
Dungeon (3/15)

Altars:


Innate Abilities, Weirdness & Mutations

You have a beak for a mouth.
You have claws for feet.
You can fly.


Message History

You claw the orc wizard, but do no damage.
The orc wizard is moderately wounded.
The orc hits you but does no damage.
The orc wizard gestures at you while chanting.
You are confused.
The orc hits you with a dagger.
* * * LOW HITPOINT WARNING * * *
You're too confused to move!
The orc priest looks encouraged for a moment.
The orc wizard gestures at you while chanting.
You are more confused.
The orc closely misses you. The orc hits you but does no damage.
Unknown command.
You miss the orc wizard. You claw the orc wizard.
Your peck misses the orc wizard.
The orc wizard is moderately wounded.
You are feeling hungry.
The orc wizard hits you but does no damage.
The orc hits you with a dagger.
You die...

........# .8...8..## ##
.........# ###########.
.........# ##...........
.........###.###).......
.8...8oo.....# #....(...
......oo.##..###.>####..
###@..........# #..
.........##.......# #..
####.###.####...### #.#
# #.<....÷.# #..
#####.#.#######.#
#.#....†....#
#.#########.# #.# #.#
#.# #.# #.# #.# .#.# #.#


You could see an orc priest, an orc wizard and 2 orcs.

Vanquished Creatures
  An orc priest (D:3)
  2 orc wizards (D:3)
  4 adders
  A dart slug (D:1)
  4 leopard geckos
  5 orcs (D:3)
  7 bats
  A giant cockroach (D:1)
  8 goblins
  8 hobgoblins
  2 quokkas
  A frilled lizard (D:1)
  7 kobolds
  7 rats
58 creatures vanquished.

Notes
Turn   | Place    | Note
-------+----------+-------------------------------------------
     0 | D:1      | hilaritas the Tengu Fighter began the quest for the Orb.
     0 | D:1      | Reached XP level 1. HP: 14/14 MP: 2/2
   181 | D:1      | Reached XP level 2. HP: 19/19 MP: 3/3
   750 | D:1      | Reached XP level 3. HP: 22/23 MP: 4/4
   922 | D:2      | Reached skill level 3 in Long Blades
  1204 | D:2      | Reached XP level 4. HP: 25/28 MP: 5/5
  1585 | D:3      | Reached skill level 4 in Long Blades
  1592 | D:3      | HP: 2/28 [orc priest/divine providence (15)]
  1594 | D:3      | Gained mutation: You can fly. [Tengu growth]
  1594 | D:3      | Reached XP level 5. HP: 10/32 MP: 6/6
  1821 | D:3      | Reached skill level 5 in Long Blades
  1953 | D:3      | HP: 2/32 [orc/dagger (2)]
  1955 | D:3      | Slain by an orc

Skill      XL: |  1  2  3  4  5 |
---------------+----------------+-----
Long Blades    | 3 4 5 |  5.0
Shields        | 4 |  4.0
Fighting       | |  3.5
Armour         | |  3.2

Action                   |  1- 3 |  4- 6 || total
-------------------------+-------+-------++-------
Melee: Long sword        |    79 |    44 ||   123
       Kick              |    23 |     8 ||    31
       Peck              |     5 |     3 ||     8
Throw: Tomahawk          |     2 |       ||     2
  Use: Scroll            |     5 |       ||     5
       Potion            |       |     3 ||     3
  Eat: Chunk             |     1 |     2 ||     3
Armor: Scale mail        |    39 |    20 ||    59
Dodge: Dodged            |    14 |    11 ||    25
Block: Shield            |    46 |    20 ||    66
       Rpst.: Long sword |     7 |     1 ||     8
